General information
- name: BNet
- type: Ladder team game (AT/RT)
- host: Battle.net
- saver: HERNaNDO
map: Monsoon
- players: 6
- length: 54:24
- speed: Fast
- version: 1.21 W3XP
- replay type: Public
» download(301 KB)
Players
team 1 (winner)
DirtMcGirt (
purple | 65 APM | 3546 actions | 54:21)
7 Tauren Chieftain
3 Shockwave
3 Endurance Aura
1 Reincarnation
6 Shadow Hunter
3 Hex
2 Healing Wave
1 Big Bad Voodoo
» actions
| Assign group hotkey | 10 | |
| Build / train | 111 | |
| Enter build submenu | 34 | |
| Enter hero's abilities submenu | 13 | |
| Give item / drop item | 11 | |
| Remove unit from queue | 3 | |
| Right click | 1596 | |
| Select / deselect | 1394 | |
| Select group hotkey | 40 | |
| Use ability | 334 | |
3546 total
» units
| Peon | 12 | |
| Troll Batrider | 50 | |
| Mud Golem | 1 | |
| Ogre Magi | 1 | |
| Kodo Beast | -1 | |
63 total
» upgrades
| Spiked Barricades | 1 | |
| Liquid Fire | 1 | |
| Ranged Weapons | 3 | |
| Reinforced Defenses | 1 | |
| Pillage | 1 | |
7 total
» buildings
| Altar of Storms | 1 | |
| Orc Burrow | 3 | |
| War Mill | 1 | |
| Watch Tower | 25 | |
| Stronghold | 1 | |
| Voodoo Lounge | 1 | |
| Fortress | 1 | |
| Beastiary | 2 | |
| Great Hall | 1 | |
36 total
» build order
00:13 Altar of Storms
00:17 Orc Burrow
00:24 War Mill
01:45 Watch Tower
02:25 Watch Tower
03:34 Watch Tower
03:36 Watch Tower
03:37 Watch Tower
03:44 Stronghold
03:52 Voodoo Lounge
04:42 Watch Tower
04:45 Watch Tower
05:08 Watch Tower
05:09 Watch Tower
05:28 Watch Tower
06:00 Watch Tower
06:07 Watch Tower
06:28 Orc Burrow
06:34 Orc Burrow
06:42 Fortress
07:23 Watch Tower
07:31 Watch Tower
08:18 Beastiary
08:21 Beastiary
08:36 Watch Tower
08:41 Watch Tower
09:32 Great Hall
09:50 Watch Tower
09:53 Watch Tower
11:46 Watch Tower
11:52 Watch Tower
11:53 Watch Tower
22:39 Watch Tower
29:26 Watch Tower
32:53 Watch Tower
32:55 Watch Tower
» items
| Boots of Speed | 1 | |
| Staff of Teleportation | 2 | |
| Potion of Healing | 2 | |
| Orb of Lightning | 1 | |
| Healing Salve | 2 | |
| Lesser Clarity Potion | 4 | |
| Scroll of Town Portal | 4 | |
| Potion of Invisibility | 1 | |
| Orb of Venom | 2 | |
| Staff of Preservation | 1 | |
| Potion of Mana | 1 | |
21 total
HERNaNDO (
blue | 39 APM | 2141 actions | 54:24)
9 Warden
3 Shadow Strike
3 Blink
1 Spirit of Vengeance
2 Fan of Knives
» actions
| Assign group hotkey | 4 | |
| Basic commands | 12 | |
| Build / train | 65 | |
| Enter build submenu | 16 | |
| Enter hero's abilities submenu | 9 | |
| Give item / drop item | 6 | |
| Right click | 1319 | |
| Select / deselect | 339 | |
| Select group hotkey | 66 | |
| Use ability | 305 | |
2141 total
» units
» upgrades
| Strength of the Wild | 3 | |
| Reinforced Hides | 3 | |
| Ultravision | 1 | |
| Well Spring | 1 | |
| Corrosive Breath | 1 | |
9 total
» buildings
| Altar of Elders | 1 | |
| Moon Well | 11 | |
| Tree of Ages | 1 | |
| Hunter's Hall | 1 | |
| Tree of Eternity | 1 | |
| Ancient of Wind | 1 | |
| Chimaera Roost | 2 | |
| Ancient of Wonders | 1 | |
| Tree of Life | 1 | |
20 total
» build order
00:19 Altar of Elders
00:35 Moon Well
01:34 Moon Well
04:28 Moon Well
04:29 Moon Well
04:31 Moon Well
04:58 Moon Well
04:59 Moon Well
05:00 Moon Well
05:59 Tree of Ages
08:27 Hunter's Hall
09:25 Moon Well
09:28 Tree of Eternity
09:32 Ancient of Wind
12:06 Chimaera Roost
12:07 Chimaera Roost
12:41 Ancient of Wonders
13:02 Tree of Life
15:04 Moon Well
34:37 Moon Well
» items
| Healing Salve | 1 | |
| Boots of Speed | 1 | |
| Staff of Teleportation | 1 | |
| Orb of Venom | 1 | |
| Staff of Sanctuary | 2 | |
| Orb of Lightning | 1 | |
| Potion of Healing | 1 | |
| Scroll of Town Portal | 3 | |
| Potion of Lesser Invulnerability | 2 | |
| Lesser Clarity Potion | 1 | |
14 total
KeKeZergRush (
teal | 68 APM | 3671 actions | 54:21)
5 Archmage
3 Blizzard
2 Brilliance Aura
4 Blood Mage
2 Flame Strike
2 Siphon Mana
» actions
| Assign group hotkey | 14 | |
| Basic commands | 10 | |
| Build / train | 104 | |
| ESC pressed | 2 | |
| Enter build submenu | 73 | |
| Enter hero's abilities submenu | 10 | |
| Right click | 1367 | |
| Select / deselect | 429 | |
| Select group hotkey | 1343 | |
| Use ability | 319 | |
3671 total
» units
| Peasant | 14 | |
| Sorceress | 1 | |
| Dragonhawk Rider | 11 | |
| Priest | 2 | |
| Flying Machine | 1 | |
29 total
» upgrades
| Masonry | 2 | |
| Lumber Harvesting | 1 | |
| Magic Sentry | 1 | |
| Sorceress Training | 2 | |
| Animal War Training | 1 | |
| Armor | 3 | |
| Priest Training | 2 | |
| Cloud | 1 | |
| Swords | 3 | |
16 total
» buildings
| Altar of Kings | 1 | |
| Lumber Mill | 1 | |
| Farm | 7 | |
| Scout Tower | 93 | |
| Guard Tower | 29 | |
| Keep | 1 | |
| Arcane Vault | 1 | |
| Arcane Sanctum | 1 | |
| Gryphon Aviary | 1 | |
| Arcane Tower | 2 | |
| Castle | 1 | |
| Barracks | 1 | |
| Blacksmith | 1 | |
| Town Hall | 1 | |
| Workshop | 1 | |
| Cannon Tower | 3 | |
145 total
» build order
00:07 Altar of Kings
00:16 Lumber Mill
00:24 Farm
01:20 Farm
01:48 Scout Tower
02:00 Scout Tower
02:07 Scout Tower
02:10 Scout Tower
02:18 Guard Tower
02:22 Scout Tower
02:27 Scout Tower
02:29 Guard Tower
02:37 Guard Tower
02:38 Guard Tower
02:41 Scout Tower
02:46 Scout Tower
03:00 Guard Tower
03:03 Scout Tower
03:07 Scout Tower
03:32 Guard Tower
03:34 Scout Tower
03:36 Scout Tower
03:43 Guard Tower
04:12 Guard Tower
04:16 Scout Tower
04:19 Scout Tower
04:29 Scout Tower
04:31 Scout Tower
04:32 Scout Tower
04:35 Scout Tower
04:35 Scout Tower
04:57 Guard Tower
05:01 Scout Tower
05:02 Scout Tower
05:07 Scout Tower
05:08 Scout Tower
05:09 Scout Tower
05:19 Keep
05:28 Arcane Vault
05:50 Guard Tower
06:41 Guard Tower
06:45 Scout Tower
06:46 Scout Tower
07:52 Arcane Sanctum
07:57 Gryphon Aviary
08:03 Arcane Tower
08:07 Scout Tower
08:08 Scout Tower
08:10 Scout Tower
08:11 Scout Tower
08:12 Scout Tower
08:14 Scout Tower
08:18 Guard Tower
08:20 Scout Tower
08:22 Scout Tower
08:26 Scout Tower
08:27 Scout Tower
08:28 Scout Tower
08:47 Guard Tower
09:05 Farm
10:24 Guard Tower
11:36 Castle
11:52 Guard Tower
12:09 Scout Tower
12:10 Scout Tower
12:11 Scout Tower
13:01 Scout Tower
13:03 Scout Tower
13:05 Scout Tower
13:06 Scout Tower
13:20 Scout Tower
13:21 Scout Tower
13:24 Scout Tower
13:29 Arcane Tower
13:35 Guard Tower
13:51 Guard Tower
14:41 Scout Tower
14:43 Scout Tower
14:44 Scout Tower
14:45 Scout Tower
14:46 Scout Tower
14:47 Scout Tower
14:47 Scout Tower
14:50 Scout Tower
14:51 Scout Tower
14:52 Scout Tower
14:52 Scout Tower
14:53 Scout Tower
14:56 Guard Tower
16:13 Farm
16:14 Farm
16:17 Guard Tower
16:19 Guard Tower
17:59 Barracks
18:00 Blacksmith
18:06 Scout Tower
18:07 Scout Tower
18:07 Scout Tower
18:57 Guard Tower
19:13 Guard Tower
19:42 Guard Tower
20:11 Guard Tower
20:15 Scout Tower
20:16 Scout Tower
21:02 Scout Tower
21:03 Scout Tower
21:04 Scout Tower
21:05 Scout Tower
21:06 Scout Tower
21:09 Scout Tower
21:10 Scout Tower
21:11 Scout Tower
21:13 Scout Tower
21:14 Scout Tower
21:15 Scout Tower
21:17 Scout Tower
22:15 Guard Tower
23:35 Farm
23:36 Farm
24:46 Guard Tower
26:01 Town Hall
26:18 Guard Tower
26:57 Scout Tower
26:58 Scout Tower
26:59 Scout Tower
27:01 Scout Tower
27:05 Scout Tower
27:06 Scout Tower
27:06 Scout Tower
27:31 Guard Tower
27:34 Workshop
29:03 Cannon Tower
29:06 Scout Tower
29:08 Scout Tower
29:09 Scout Tower
29:25 Scout Tower
29:26 Scout Tower
29:27 Scout Tower
30:16 Guard Tower
36:17 Cannon Tower
41:00 Cannon Tower
51:22 Scout Tower
51:23 Scout Tower
51:23 Scout Tower
51:25 Scout Tower
» items
| Boots of Speed | 2 | |
| Staff of Teleportation | 2 | |
| Scroll of Town Portal | 3 | |
| Scroll of Regeneration | 1 | |
| Lesser Clarity Potion | 1 | |
| Staff of Sanctuary | 1 | |
| Orb of Lightning | 2 | |
12 total
team 2 (loser)
confringo (
orange | 77 APM | 4181 actions | 54:20)
5 Warden
3 Shadow Strike
2 Blink
3 Priestess of the Moon
2 Trueshot Aura
1 Scout
1 Keeper of the Grove
1 Entangling Roots
» actions
| Assign group hotkey | 56 | |
| Build / train | 96 | |
| Enter build submenu | 23 | |
| Enter hero's abilities submenu | 9 | |
| Give item / drop item | 1 | |
| Right click | 1553 | |
| Select / deselect | 701 | |
| Select group hotkey | 1629 | |
| Use ability | 113 | |
4181 total
» units
| Wisp | 28 | |
| Huntress | 2 | |
| Mountain Giant | 3 | |
| Hippogryph | 24 | |
| Chimaera | 8 | |
65 total
» upgrades
| Strength of the Wild | 3 | |
| Hardened Skin | 1 | |
| Reinforced Hides | 3 | |
| Resistant Skin | 1 | |
| Ultravision | 1 | |
| Well Spring | 1 | |
| Corrosive Breath | 1 | |
11 total
» buildings
| Altar of Elders | 1 | |
| Moon Well | 8 | |
| Hunter's Hall | 1 | |
| Ancient of War | 1 | |
| Tree of Ages | 1 | |
| Ancient of Wonders | 1 | |
| Tree of Life | 2 | |
| Ancient of Lore | 1 | |
| Tree of Eternity | 1 | |
| Ancient of Wind | 3 | |
| Chimaera Roost | 2 | |
| Ancient Protector | 2 | |
24 total
» build order
00:11 Altar of Elders
00:20 Moon Well
01:50 Hunter's Hall
01:59 Ancient of War
02:30 Moon Well
03:20 Tree of Ages
03:39 Moon Well
04:15 Ancient of Wonders
05:10 Tree of Life
05:46 Ancient of Lore
06:06 Tree of Eternity
07:00 Ancient of Wind
10:22 Chimaera Roost
11:52 Chimaera Roost
12:53 Moon Well
13:33 Moon Well
16:46 Moon Well
17:58 Ancient of Wind
18:38 Moon Well
20:25 Moon Well
20:59 Ancient Protector
21:02 Ancient Protector
25:07 Tree of Life
26:02 Ancient of Wind
» items
| Scroll of Healing | 1 | |
| Potion of Healing | 1 | |
| Scroll of Town Portal | 1 | |
| Potion of Lesser Invulnerability | 1 | |
| Boots of Speed | 1 | |
| Orb of Lightning | 1 | |
6 total
IdOntMIcR0. (
red | 41 APM | 2228 actions | 53:58)
5 Blademaster
3 Wind Walk
2 Critical Strike
1 Shadow Hunter
1 Hex
» actions
| Build / train | 118 | |
| Enter build submenu | 64 | |
| Enter hero's abilities submenu | 6 | |
| Give item / drop item | 4 | |
| Remove unit from queue | 13 | |
| Right click | 1333 | |
| Select / deselect | 507 | |
| Use ability | 183 | |
2228 total
» units
| Peon | 23 | |
| Grunt | 5 | |
| Demolisher | 2 | |
| Troll Batrider | 28 | |
| Raider | -2 | |
56 total
» upgrades
| Liquid Fire | 1 | |
| Ranged Weapons | 3 | |
| Armor | 3 | |
| Reinforced Defenses | 1 | |
8 total
» buildings
| Altar of Storms | 1 | |
| Orc Burrow | 7 | |
| Barracks | 2 | |
| Voodoo Lounge | 1 | |
| Stronghold | 2 | |
| War Mill | 1 | |
| Fortress | 1 | |
| Watch Tower | 40 | |
| Beastiary | 2 | |
| Great Hall | 2 | |
59 total
» build order
00:04 Altar of Storms
00:07 Orc Burrow
00:32 Barracks
01:27 Orc Burrow
02:30 Voodoo Lounge
04:12 Stronghold
04:13 Stronghold
05:00 War Mill
06:40 Fortress
06:44 Barracks
07:25 Orc Burrow
07:53 Orc Burrow
08:11 Watch Tower
08:25 Watch Tower
09:40 Watch Tower
09:43 Watch Tower
11:30 Watch Tower
12:51 Beastiary
13:08 Orc Burrow
14:10 Beastiary
15:04 Orc Burrow
16:08 Orc Burrow
16:36 Great Hall
18:41 Watch Tower
19:03 Watch Tower
19:08 Watch Tower
19:11 Watch Tower
19:14 Watch Tower
19:22 Watch Tower
19:56 Watch Tower
20:19 Watch Tower
20:22 Watch Tower
20:49 Watch Tower
20:53 Watch Tower
22:11 Watch Tower
22:12 Watch Tower
22:16 Watch Tower
22:56 Great Hall
23:04 Watch Tower
23:07 Watch Tower
23:45 Watch Tower
23:54 Watch Tower
24:49 Watch Tower
24:51 Watch Tower
24:59 Watch Tower
25:03 Watch Tower
26:17 Watch Tower
28:27 Watch Tower
29:36 Watch Tower
30:21 Watch Tower
31:01 Watch Tower
31:02 Watch Tower
31:03 Watch Tower
31:04 Watch Tower
31:06 Watch Tower
31:10 Watch Tower
36:32 Watch Tower
36:34 Watch Tower
36:39 Watch Tower
» items
| Staff of Teleportation | 1 | |
| Boots of Speed | 1 | |
| Healing Salve | 2 | |
| Lesser Clarity Potion | 4 | |
| Periapt of Vitality | 1 | |
| Potion of Healing | 6 | |
| Potion of Lesser Invulnerability | 1 | |
| Orb of Lightning | 3 | |
| Potion of Mana | 2 | |
21 total
Intrep(i)dus (
green | 42 APM | 2280 actions | 53:54)
5 Archmage
3 Summon Water Elemental
2 Brilliance Aura
4 Paladin
2 Holy Light
2 Divine Shield
1 Mountain King
1 Storm Bolt
» actions
| Assign group hotkey | 79 | |
| Basic commands | 271 | |
| Build / train | 161 | |
| ESC pressed | 1 | |
| Enter build submenu | 52 | |
| Enter hero's abilities submenu | 10 | |
| Remove unit from queue | 1 | |
| Right click | 562 | |
| Select / deselect | 480 | |
| Select group hotkey | 501 | |
| Use ability | 162 | |
2280 total
» units
| Peasant | 52 | |
| Rifleman | 15 | |
| Siege Engine | 10 | |
| Priest | 12 | |
| Mortar Team | 1 | |
| Flying Machine | 2 | |
92 total
» upgrades
| Gunpowder | 3 | |
| Masonry | 3 | |
| Barrage | 1 | |
| Lumber Harvesting | 2 | |
| Priest Training | 2 | |
| Plating | 3 | |
| Magic Sentry | 1 | |
| Flying Machine Bombs | 1 | |
| Flak Cannons | 1 | |
| Flare | 1 | |
| Fragmentation Shards | 1 | |
| Long Rifles | 1 | |
| Armor | 1 | |
21 total
» buildings
| Farm | 14 | |
| Altar of Kings | 1 | |
| Barracks | 1 | |
| Blacksmith | 1 | |
| Town Hall | 4 | |
| Lumber Mill | 1 | |
| Keep | 1 | |
| Scout Tower | 47 | |
| Castle | 1 | |
| Guard Tower | 27 | |
| Workshop | 3 | |
| Arcane Sanctum | 1 | |
| Arcane Vault | 1 | |
103 total
» build order
00:26 Farm
00:39 Altar of Kings
00:56 Farm
01:19 Barracks
01:54 Blacksmith
02:09 Farm
02:15 Farm
02:34 Farm
03:09 Farm
04:18 Farm
05:27 Town Hall
05:43 Farm
06:45 Lumber Mill
06:48 Keep
09:06 Scout Tower
09:07 Scout Tower
09:08 Scout Tower
09:16 Castle
09:41 Guard Tower
10:11 Scout Tower
10:16 Scout Tower
10:18 Scout Tower
10:32 Scout Tower
10:33 Scout Tower
11:03 Workshop
11:16 Guard Tower
11:30 Guard Tower
11:32 Guard Tower
11:53 Guard Tower
12:40 Arcane Sanctum
13:13 Farm
13:13 Farm
13:14 Farm
14:12 Workshop
14:59 Workshop
15:43 Farm
15:43 Farm
17:07 Arcane Vault
18:21 Farm
19:20 Scout Tower
19:22 Scout Tower
19:23 Scout Tower
19:50 Guard Tower
20:15 Scout Tower
20:16 Scout Tower
20:17 Scout Tower
20:19 Scout Tower
20:22 Scout Tower
20:24 Scout Tower
20:25 Scout Tower
20:35 Guard Tower
20:42 Scout Tower
20:43 Scout Tower
20:45 Guard Tower
20:57 Guard Tower
21:14 Guard Tower
21:16 Guard Tower
22:07 Guard Tower
22:50 Town Hall
22:56 Scout Tower
22:57 Scout Tower
22:58 Scout Tower
22:59 Scout Tower
23:41 Scout Tower
23:42 Scout Tower
23:43 Scout Tower
23:47 Scout Tower
23:48 Scout Tower
23:49 Scout Tower
23:50 Scout Tower
23:52 Guard Tower
24:23 Guard Tower
24:39 Guard Tower
25:30 Guard Tower
25:32 Guard Tower
26:18 Scout Tower
26:19 Scout Tower
26:22 Scout Tower
26:46 Scout Tower
27:24 Guard Tower
27:29 Scout Tower
27:31 Scout Tower
27:33 Scout Tower
28:12 Guard Tower
28:22 Guard Tower
29:24 Scout Tower
29:25 Scout Tower
29:27 Scout Tower
29:48 Scout Tower
29:49 Scout Tower
29:50 Scout Tower
30:02 Guard Tower
30:59 Guard Tower
31:10 Guard Tower
31:16 Scout Tower
31:17 Scout Tower
31:43 Town Hall
31:46 Guard Tower
32:17 Guard Tower
32:21 Scout Tower
33:36 Guard Tower
37:48 Town Hall
37:52 Guard Tower
» items
| Scroll of Healing | 1 | |
| Potion of Lesser Invulnerability | 1 | |
| Scroll of Town Portal | 2 | |
4 total
Chat log
(00:19 / Allies) KeKeZergRush: np
(00:32 / All) HERNaNDO: GL HF!
(00:34 / Allies) KeKeZergRush: gonna try to get red items early
(00:35 / All) DirtMcGirt: gl hf
(00:39 / All) IdOntMIcR0.: U TOO NIGGER
(00:41 / All) KeKeZergRush: gl hf
(00:44 / All) HERNaNDO: YEEEHAW
(00:51 / All) DirtMcGirt: how fyad of u
(06:08 / Allies) KeKeZergRush: bm is there
(06:27 / All) IdOntMIcR0.: FUCKING CUBBERS
(06:35 / All) HERNaNDO: im a lil bear cub
(06:40 / All) DirtMcGirt: suk my dilz hshshshs
(08:28 / All) DirtMcGirt: BLACK PPSL DO THIS WHITE PPL DO THAT
(10:28 / All) IdOntMIcR0.: ty
(11:21 / All) IdOntMIcR0.: WOW MH!
(11:30 / All) HERNaNDO: youre an idiot lol
(11:32 / All) DirtMcGirt: wow ur nto funny
(12:16 / Allies) KeKeZergRush: putting sight towers
(13:46 / Allies) KeKeZergRush: aight
(15:06 / All) DirtMcGirt: phew close 1
(15:12 / Allies) KeKeZergRush: 12 on gold
(15:47 / All) DirtMcGirt: heh
(15:47 / All) IdOntMIcR0.: FUCK
(15:48 / All) HERNaNDO: haha
(15:51 / All) IdOntMIcR0.: GOD DMANIT
(19:52 / All) DirtMcGirt: oops i meant to heal lol
(19:57 / Allies) KeKeZergRush: tanks fun fun
(21:47 / Allies) KeKeZergRush: they tryin to tower this
(22:13 / Allies) DirtMcGirt: what
(22:14 / Allies) DirtMcGirt: what
(22:15 / Allies) DirtMcGirt: what
(22:55 / Allies) KeKeZergRush: bm
(23:22 / All) IdOntMIcR0.: hahah
(23:27 / All) HERNaNDO: a dead hero.. damn nigga
(23:28 / All) KeKeZergRush: gg gotta quit now
(23:38 / All) IdOntMIcR0.: ..?
(23:39 / All) DirtMcGirt: damn remember when u ran into my towers like a nub
(23:43 / All) DirtMcGirt: heh
(23:47 / All) IdOntMIcR0.: fuck u
(23:56 / All) DirtMcGirt: one guy did that last game
(23:59 / All) DirtMcGirt: he was like 30%
(24:03 / All) IdOntMIcR0.: rofl
(24:12 / All) IdOntMIcR0.: and u guys lost ?
(24:19 / All) DirtMcGirt: no?
(24:24 / All) DirtMcGirt: Are u a fuckin moron
(24:26 / All) DirtMcGirt: dont answer that
(24:40 / All) KeKeZergRush: not the owl scout
(26:24 / Allies) KeKeZergRush: towering you
(26:35 / All) DirtMcGirt: nice try
(26:46 / All) KeKeZergRush: towers are for noobs
(26:58 / All) IdOntMIcR0.: rofl
(27:18 / Allies) KeKeZergRush: save bats
(27:19 / Allies) KeKeZergRush: sending hawks
(28:13 / Allies) KeKeZergRush: goin now
(28:30 / Allies) KeKeZergRush: towers again
(30:38 / All) KeKeZergRush: woohoo
(30:41 / All) HERNaNDO: :P
(30:45 / All) DirtMcGirt: WHOOP THERE IT IS
(30:56 / All) IdOntMIcR0.: ofmg u noobs
(31:01 / All) HERNaNDO: lol ur bms dead
(31:52 / All) IdOntMIcR0.: i got dat shit
(32:02 / All) DirtMcGirt: u aint got nothin lol stop losin ur hero noob
(34:24 / All) HERNaNDO: 2 slo
(36:04 / All) HERNaNDO: lol
(36:06 / All) DirtMcGirt: peace
(36:28 / Allies) KeKeZergRush: got it
(38:52 / All) HERNaNDO: dude be more careful
(40:34 / All) DirtMcGirt: lol
(40:40 / All) HERNaNDO: :P
(40:47 / All) KeKeZergRush: whats dies more you bm or your bats?
(40:52 / All) KeKeZergRush: your bm
(40:56 / All) IdOntMIcR0.: ur moms vagina
(40:59 / All) DirtMcGirt: lame
(41:03 / All) DirtMcGirt: L A M E
(41:04 / All) HERNaNDO: pretty awful burn man
(41:13 / All) DirtMcGirt: u could say
(41:15 / All) DirtMcGirt: it was something awful
(41:21 / All) DirtMcGirt: ehehehehe
(41:24 / All) HERNaNDO: 8-)
(41:57 / Allies) KeKeZergRush: wanna hit this
(42:17 / Allies) KeKeZergRush: bm is there
(43:07 / All) DirtMcGirt: LOL
(43:08 / All) HERNaNDO: welp..
(43:12 / All) DirtMcGirt: that never gets old bro
(45:15 / Allies) KeKeZergRush: cmon bats
(45:18 / Allies) KeKeZergRush: right to the towers
(45:21 / Allies) KeKeZergRush: damn
(46:02 / All) KeKeZergRush: frequent flier miles for those bats
(46:05 / All) KeKeZergRush: all they do is fly
(48:09 / Allies) KeKeZergRush: brb bathroom
(48:11 / Allies) HERNaNDO: k
(50:09 / All) confringo: bs
(50:13 / All) HERNaNDO: lol
(51:37 / All) KeKeZergRush: not another owl scout
(51:40 / All) KeKeZergRush: we have to quit
(51:42 / All) HERNaNDO: welp..gg
(51:45 / All) DirtMcGirt: g G
(51:50 / All) DirtMcGirt: i cnat kill it with mah bats
(51:51 / All) confringo: fuck yall
(52:20 / All) KeKeZergRush: good thing he runs quick
(53:59 / All) HERNaNDO: intrepidus
(54:00 / All) DirtMcGirt: gg
(54:01 / All) confringo: fucking fagets
(54:17 / All) confringo: if they didnt feed yall this shit doesnt happeb